Workbook

Sheet Dashboard
A1: Truck Driver Trip Sheet Dashboard
A2: Select a date range and driver. All summaries use the Dispatch Date from the Trip Log.
A3: Start Date | B3: 46235 | D3: End Date | E3: 46265
A4: Driver | B4: All Drivers
A5: Yellow = Input | Blue = Calculated | Green = OK | Red = Review Needed
A7: Total Trips | B7: =IF($B$4="All Drivers",COUNTIFS('Trip Log'!$F$5:$F$504,">="&$B$3,'Trip Log'!$F$5:$F$504,"<="&$E$3,'Trip Log'!$A$5:$A$504,"<>"),COUNTIFS('Trip Log'!$F$5:$F$504,">="&$B$3,'Trip Log'!$F$5:$F$504,"<="&$E$3,'Trip Log'!$C$5:$C$504,$B$4,'Trip Log'!$A$5:$A$504,"<>")) | C7: Completed Trips | D7: =IF($B$4="All Drivers",COUNTIFS('Trip Log'!$F$5:$F$504,">="&$B$3,'Trip Log'!$F$5:$F$504,"<="&$E$3,'Trip Log'!$B$5:$B$504,"Delivered")+COUNTIFS('Trip Log'!$F$5:$F$504,">="&$B$3,'Trip Log'!$F$5:$F$504,"<="&$E$3,'Trip Log'!$B$5:$B$504,"Closed"),COUNTIFS('Trip Log'!$F$5:$F$504,">="&$B$3,'Trip Log'!$F$5:$F$504,"<="&$E$3,'Trip Log'!$C$5:$C$504,$B$4,'Trip Log'!$B$5:$B$504,"Delivered")+COUNTIFS('Trip Log'!$F$5:$F$504,">="&$B$3,'Trip Log'!$F$5:$F$504,"<="&$E$3,'Trip Log'!$C$5:$C$504,$B$4,'Trip Log'!$B$5:$B$504,"Closed")) | E7: Total Miles | F7: =IF($B$4="All Drivers",SUMIFS('Trip Log'!$Q$5:$Q$504,'Trip Log'!$F$5:$F$504,">="&$B$3,'Trip Log'!$F$5:$F$504,"<="&$E$3),SUMIFS('Trip Log'!$Q$5:$Q$504,'Trip Log'!$F$5:$F$504,">="&$B$3,'Trip Log'!$F$5:$F$504,"<="&$E$3,'Trip Log'!$C$5:$C$504,$B$4)) | G7: Loaded Miles | H7: =IF($B$4="All Drivers",SUMIFS('Trip Log'!$R$5:$R$504,'Trip Log'!$F$5:$F$504,">="&$B$3,'Trip Log'!$F$5:$F$504,"<="&$E$3),SUMIFS('Trip Log'!$R$5:$R$504,'Trip Log'!$F$5:$F$504,">="&$B$3,'Trip Log'!$F$5:$F$504,"<="&$E$3,'Trip Log'!$C$5:$C$504,$B$4))
A10: Gross Revenue | B10: =IF($B$4="All Drivers",SUMIFS('Trip Log'!$T$5:$T$504,'Trip Log'!$F$5:$F$504,">="&$B$3,'Trip Log'!$F$5:$F$504,"<="&$E$3),SUMIFS('Trip Log'!$T$5:$T$504,'Trip Log'!$F$5:$F$504,">="&$B$3,'Trip Log'!$F$5:$F$504,"<="&$E$3,'Trip Log'!$C$5:$C$504,$B$4)) | C10: Fuel Cost | D10: =IF($B$4="All Drivers",SUMIFS('Trip Log'!$V$5:$V$504,'Trip Log'!$F$5:$F$504,">="&$B$3,'Trip Log'!$F$5:$F$504,"<="&$E$3),SUMIFS('Trip Log'!$V$5:$V$504,'Trip Log'!$F$5:$F$504,">="&$B$3,'Trip Log'!$F$5:$F$504,"<="&$E$3,'Trip Log'!$C$5:$C$504,$B$4)) | E10: Total Expenses | F10: =IF($B$4="All Drivers",SUMIFS('Trip Log'!$X$5:$X$504,'Trip Log'!$F$5:$F$504,">="&$B$3,'Trip Log'!$F$5:$F$504,"<="&$E$3),SUMIFS('Trip Log'!$X$5:$X$504,'Trip Log'!$F$5:$F$504,">="&$B$3,'Trip Log'!$F$5:$F$504,"<="&$E$3,'Trip Log'!$C$5:$C$504,$B$4)) | G10: Net Trip Margin | H10: =IF($B$4="All Drivers",SUMIFS('Trip Log'!$Y$5:$Y$504,'Trip Log'!$F$5:$F$504,">="&$B$3,'Trip Log'!$F$5:$F$504,"<="&$E$3),SUMIFS('Trip Log'!$Y$5:$Y$504,'Trip Log'!$F$5:$F$504,">="&$B$3,'Trip Log'!$F$5:$F$504,"<="&$E$3,'Trip Log'!$C$5:$C$504,$B$4))
A13: Fuel Gallons | B13: =IF($B$4="All Drivers",SUMIFS('Trip Log'!$U$5:$U$504,'Trip Log'!$F$5:$F$504,">="&$B$3,'Trip Log'!$F$5:$F$504,"<="&$E$3),SUMIFS('Trip Log'!$U$5:$U$504,'Trip Log'!$F$5:$F$504,">="&$B$3,'Trip Log'!$F$5:$F$504,"<="&$E$3,'Trip Log'!$C$5:$C$504,$B$4)) | C13: Average Miles per Gallon | D13: =IFERROR(F7/B13,"") | E13: Revenue per Mile | F13: =IFERROR(B10/F7,"") | G13: Cost per Mile | H13: =IFERROR(F10/F7,"")
A16: Empty Mile Percentage | B16: =IFERROR((F7-H7)/F7,"") | C16: Open Trips | D16: =MAX(B7-D7,0) | E16: Trip Issues | F16: =IF($B$4="All Drivers",COUNTIFS('Trip Log'!$F$5:$F$504,">="&$B$3,'Trip Log'!$F$5:$F$504,"<="&$E$3,'Trip Log'!$AD$5:$AD$504,"<>",'Trip Log'!$AD$5:$AD$504,"<>OK"),COUNTIFS('Trip Log'!$F$5:$F$504,">="&$B$3,'Trip Log'!$F$5:$F$504,"<="&$E$3,'Trip Log'!$C$5:$C$504,$B$4,'Trip Log'!$AD$5:$AD$504,"<>",'Trip Log'!$AD$5:$AD$504,"<>OK")) | G16: Expense Issues, All Drivers | H16: =COUNTIFS('Expenses'!$C$5:$C$504,">="&$B$3,'Expenses'!$C$5:$C$504,"<="&$E$3,'Expenses'!$N$5:$N$504,"<>",'Expenses'!$N$5:$N$504,"<>OK")
A19: Target Miles per Gallon | B19: ='Settings'!$B$5 | C19: Target Revenue per Mile | D19: ='Settings'!$B$4 | E19: Maximum Empty Mile Percentage | F19: ='Settings'!$B$6
A22: Driver Summary for Selected Date Range
A23: Driver | B23: Trips | C23: Total Miles | D23: Gross Revenue | E23: Total Expenses | F23: Net Trip Margin | G23: Average MPG | H23: Revenue per Mile
A24: ='Settings'!$H$4 | B24: =COUNTIFS('Trip Log'!$F$5:$F$504,">="&$B$3,'Trip Log'!$F$5:$F$504,"<="&$E$3,'Trip Log'!$C$5:$C$504,$A24) | C24: =SUMIFS('Trip Log'!$Q$5:$Q$504,'Trip Log'!$F$5:$F$504,">="&$B$3,'Trip Log'!$F$5:$F$504,"<="&$E$3,'Trip Log'!$C$5:$C$504,$A24) | D24: =SUMIFS('Trip Log'!$T$5:$T$504,'Trip Log'!$F$5:$F$504,">="&$B$3,'Trip Log'!$F$5:$F$504,"<="&$E$3,'Trip Log'!$C$5:$C$504,$A24) | E24: =SUMIFS('Trip Log'!$X$5:$X$504,'Trip Log'!$F$5:$F$504,">="&$B$3,'Trip Log'!$F$5:$F$504,"<="&$E$3,'Trip Log'!$C$5:$C$504,$A24) | F24: =SUMIFS('Trip Log'!$Y$5:$Y$504,'Trip Log'!$F$5:$F$504,">="&$B$3,'Trip Log'!$F$5:$F$504,"<="&$E$3,'Trip Log'!$C$5:$C$504,$A24) | G24: =IFERROR(C24/SUMIFS('Trip Log'!$U$5:$U$504,'Trip Log'!$F$5:$F$504,">="&$B$3,'Trip Log'!$F$5:$F$504,"<="&$E$3,'Trip Log'!$C$5:$C$504,$A24),"") | H24: =IFERROR(D24/C24,"")
A25: ='Settings'!$H$5 | B25: =COUNTIFS('Trip Log'!$F$5:$F$504,">="&$B$3,'Trip Log'!$F$5:$F$504,"<="&$E$3,'Trip Log'!$C$5:$C$504,$A25) | C25: =SUMIFS('Trip Log'!$Q$5:$Q$504,'Trip Log'!$F$5:$F$504,">="&$B$3,'Trip Log'!$F$5:$F$504,"<="&$E$3,'Trip Log'!$C$5:$C$504,$A25) | D25: =SUMIFS('Trip Log'!$T$5:$T$504,'Trip Log'!$F$5:$F$504,">="&$B$3,'Trip Log'!$F$5:$F$504,"<="&$E$3,'Trip Log'!$C$5:$C$504,$A25) | E25: =SUMIFS('Trip Log'!$X$5:$X$504,'Trip Log'!$F$5:$F$504,">="&$B$3,'Trip Log'!$F$5:$F$504,"<="&$E$3,'Trip Log'!$C$5:$C$504,$A25) | F25: =SUMIFS('Trip Log'!$Y$5:$Y$504,'Trip Log'!$F$5:$F$504,">="&$B$3,'Trip Log'!$F$5:$F$504,"<="&$E$3,'Trip Log'!$C$5:$C$504,$A25) | G25: =IFERROR(C25/SUMIFS('Trip Log'!$U$5:$U$504,'Trip Log'!$F$5:$F$504,">="&$B$3,'Trip Log'!$F$5:$F$504,"<="&$E$3,'Trip Log'!$C$5:$C$504,$A25),"") | H25: =IFERROR(D25/C25,"")
A26: ='Settings'!$H$6 | B26: =COUNTIFS('Trip Log'!$F$5:$F$504,">="&$B$3,'Trip Log'!$F$5:$F$504,"<="&$E$3,'Trip Log'!$C$5:$C$504,$A26) | C26: =SUMIFS('Trip Log'!$Q$5:$Q$504,'Trip Log'!$F$5:$F$504,">="&$B$3,'Trip Log'!$F$5:$F$504,"<="&$E$3,'Trip Log'!$C$5:$C$504,$A26) | D26: =SUMIFS('Trip Log'!$T$5:$T$504,'Trip Log'!$F$5:$F$504,">="&$B$3,'Trip Log'!$F$5:$F$504,"<="&$E$3,'Trip Log'!$C$5:$C$504,$A26) | E26: =SUMIFS('Trip Log'!$X$5:$X$504,'Trip Log'!$F$5:$F$504,">="&$B$3,'Trip Log'!$F$5:$F$504,"<="&$E$3,'Trip Log'!$C$5:$C$504,$A26) | F26: =SUMIFS('Trip Log'!$Y$5:$Y$504,'Trip Log'!$F$5:$F$504,">="&$B$3,'Trip Log'!$F$5:$F$504,"<="&$E$3,'Trip Log'!$C$5:$C$504,$A26) | G26: =IFERROR(C26/SUMIFS('Trip Log'!$U$5:$U$504,'Trip Log'!$F$5:$F$504,">="&$B$3,'Trip Log'!$F$5:$F$504,"<="&$E$3,'Trip Log'!$C$5:$C$504,$A26),"") | H26: =IFERROR(D26/C26,"")
A27: ='Settings'!$H$7 | B27: =COUNTIFS('Trip Log'!$F$5:$F$504,">="&$B$3,'Trip Log'!$F$5:$F$504,"<="&$E$3,'Trip Log'!$C$5:$C$504,$A27) | C27: =SUMIFS('Trip Log'!$Q$5:$Q$504,'Trip Log'!$F$5:$F$504,">="&$B$3,'Trip Log'!$F$5:$F$504,"<="&$E$3,'Trip Log'!$C$5:$C$504,$A27) | D27: =SUMIFS('Trip Log'!$T$5:$T$504,'Trip Log'!$F$5:$F$504,">="&$B$3,'Trip Log'!$F$5:$F$504,"<="&$E$3,'Trip Log'!$C$5:$C$504,$A27) | E27: =SUMIFS('Trip Log'!$X$5:$X$504,'Trip Log'!$F$5:$F$504,">="&$B$3,'Trip Log'!$F$5:$F$504,"<="&$E$3,'Trip Log'!$C$5:$C$504,$A27) | F27: =SUMIFS('Trip Log'!$Y$5:$Y$504,'Trip Log'!$F$5:$F$504,">="&$B$3,'Trip Log'!$F$5:$F$504,"<="&$E$3,'Trip Log'!$C$5:$C$504,$A27) | G27: =IFERROR(C27/SUMIFS('Trip Log'!$U$5:$U$504,'Trip Log'!$F$5:$F$504,">="&$B$3,'Trip Log'!$F$5:$F$504,"<="&$E$3,'Trip Log'!$C$5:$C$504,$A27),"") | H27: =IFERROR(D27/C27,"")
A28: ="" | B28: ="" | C28: ="" | D28: ="" | E28: ="" | F28: ="" | G28: ="" | H28: =""
A29: ="" | B29: ="" | C29: ="" | D29: ="" | E29: ="" | F29: ="" | G29: ="" | H29: =""
A30: ="" | B30: ="" | C30: ="" | D30: ="" | E30: ="" | F30: ="" | G30: ="" | H30: =""
A31: ="" | B31: ="" | C31: ="" | D31: ="" | E31: ="" | F31: ="" | G31: ="" | H31: =""
A32: ="" | B32: ="" | C32: ="" | D32: ="" | E32: ="" | F32: ="" | G32: ="" | H32: =""
A33: ="" | B33: ="" | C33: ="" | D33: ="" | E33: ="" | F33: ="" | G33: ="" | H33: =""
A34: ="" | B34: ="" | C34: ="" | D34: ="" | E34: ="" | F34: ="" | G34: ="" | H34: =""
A35: ="" | B35: ="" | C35: ="" | D35: ="" | E35: ="" | F35: ="" | G35: ="" | H35: =""
A36: ="" | B36: ="" | C36: ="" | D36: ="" | E36: ="" | F36: ="" | G36: ="" | H36: =""
A37: ="" | B37: ="" | C37: ="" | D37: ="" | E37: ="" | F37: ="" | G37: ="" | H37: =""
A38: ="" | B38: ="" | C38: ="" | D38: ="" | E38: ="" | F38: ="" | G38: ="" | H38: =""
A39: ="" | B39: ="" | C39: ="" | D39: ="" | E39: ="" | F39: ="" | G39: ="" | H39: =""
... A101: ="" | B101: ="" | C101: ="" | D101: ="" | E101: ="" | F101: ="" | G101: ="" | H101: =""

Sheet Trip Log
A1: Truck Driver Trip Log
A2: Enter one row per trip. Use the same Trip ID on the Expenses sheet. Replace the sample rows as needed without deleting calculated columns.
A3: Yellow = Input | Blue = Calculated | Green = OK | Red = Review Needed
A4: Trip ID | B4: Status | C4: Driver | D4: Truck Number | E4: Trailer Number | F4: Dispatch Date | G4: Pickup Date/Time | H4: Delivery Date/Time | I4: Origin City | J4: Origin State | K4: Destination City | L4: Destination State | M4: BOL / Load Number | N4: Load Type | O4: Start Odometer | P4: End Odometer | Q4: Total Miles | R4: Loaded Miles | S4: Empty Miles | T4: Gross Revenue | U4: Fuel Gallons | V4: Fuel Cost | W4: Other Expenses | X4: Total Expenses | Y4: Net Trip Margin | Z4: Revenue per Mile | AA4: Cost per Mile | AB4: Miles per Gallon | AC4: Trip Notes | AD4: Data Check
A5: TS-260801 | B5: Closed | C5: Marcus Reed | D5: TRK-101 | E5: TRL-201 | F5: 46235 | G5: 46235.271 | H5: 46235.531 | I5: Dallas | J5: TX | K5: Houston | L5: TX | M5: BOL-86451 | N5: Refrigerated | O5: 120450 | P5: 120710 | Q5: =IF(OR($A5="",$O5="",$P5=""),"",IFERROR($P5-$O5,"")) | R5: 240 | S5: =IF(OR($A5="",$Q5="",$R5=""),"",IFERROR($Q5-$R5,"")) | T5: 850 | U5: =IF($A5="","",IFERROR(SUMIFS('Expenses'!$H$5:$H$504,'Expenses'!$B$5:$B$504,$A5,'Expenses'!$D$5:$D$504,"Diesel Fuel"),0)) | V5: =IF($A5="","",IFERROR(SUMIFS('Expenses'!$I$5:$I$504,'Expenses'!$B$5:$B$504,$A5,'Expenses'!$D$5:$D$504,"Diesel Fuel"),0)) | W5: =IF($A5="","",IFERROR(SUMIFS('Expenses'!$I$5:$I$504,'Expenses'!$B$5:$B$504,$A5)-$V5,0)) | X5: =IF($A5="","",IFERROR($V5+$W5,0)) | Y5: =IF($A5="","",IFERROR($T5-$X5,0)) | Z5: =IF(OR($A5="",$Q5=""),"",IFERROR($T5/$Q5,"")) | AA5: =IF(OR($A5="",$Q5=""),"",IFERROR($X5/$Q5,"")) | AB5: =IF(OR($A5="",$Q5="",$U5=""),"",IFERROR($Q5/$U5,"")) | AC5: Grocery distribution load | AD5: =IF($A5="","",IFERROR(IF(COUNTIF($A$5:$A$504,$A5)>1,"Duplicate Trip ID",IF(OR($B5="",$C5="",$D5="",$F5="",$I5="",$J5="",$K5="",$L5=""),"Missing required field",IF(AND(OR($B5="Delivered",$B5="Closed"),OR($G5="",$H5="",$O5="",$P5="",$R5="",$T5="")),"Completed trip missing details",IF(OR($O5<0,$P5<0,$R5<0,$T5<0),"Negative value",IF(AND($O5<>"",$P5<>"",$P5<$O5),"End odometer below start",IF(AND($Q5<>"",$R5<>"",$R5>$Q5),"Loaded miles exceed total",IF(AND($G5<>"",$H5<>"",$H5<$G5),"Delivery before pickup","OK"))))))),"Check inputs"))
A6: TS-260803 | B6: Closed | C6: Elena Torres | D6: TRK-102 | E6: TRL-202 | F6: 46237 | G6: 46237.302 | H6: 46237.479 | I6: Chicago | J6: IL | K6: Indianapolis | L6: IN | M6: BOL-86463 | N6: Dry Van | O6: 88320 | P6: 88520 | Q6: =IF(OR($A6="",$O6="",$P6=""),"",IFERROR($P6-$O6,"")) | R6: 185 | S6: =IF(OR($A6="",$Q6="",$R6=""),"",IFERROR($Q6-$R6,"")) | T6: 720 | U6: =IF($A6="","",IFERROR(SUMIFS('Expenses'!$H$5:$H$504,'Expenses'!$B$5:$B$504,$A6,'Expenses'!$D$5:$D$504,"Diesel Fuel"),0)) | V6: =IF($A6="","",IFERROR(SUMIFS('Expenses'!$I$5:$I$504,'Expenses'!$B$5:$B$504,$A6,'Expenses'!$D$5:$D$504,"Diesel Fuel"),0)) | W6: =IF($A6="","",IFERROR(SUMIFS('Expenses'!$I$5:$I$504,'Expenses'!$B$5:$B$504,$A6)-$V6,0)) | X6: =IF($A6="","",IFERROR($V6+$W6,0)) | Y6: =IF($A6="","",IFERROR($T6-$X6,0)) | Z6: =IF(OR($A6="",$Q6=""),"",IFERROR($T6/$Q6,"")) | AA6: =IF(OR($A6="",$Q6=""),"",IFERROR($X6/$Q6,"")) | AB6: =IF(OR($A6="",$Q6="",$U6=""),"",IFERROR($Q6/$U6,"")) | AC6: Consumer packaged goods | AD6: =IF($A6="","",IFERROR(IF(COUNTIF($A$5:$A$504,$A6)>1,"Duplicate Trip ID",IF(OR($B6="",$C6="",$D6="",$F6="",$I6="",$J6="",$K6="",$L6=""),"Missing required field",IF(AND(OR($B6="Delivered",$B6="Closed"),OR($G6="",$H6="",$O6="",$P6="",$R6="",$T6="")),"Completed trip missing details",IF(OR($O6<0,$P6<0,$R6<0,$T6<0),"Negative value",IF(AND($O6<>"",$P6<>"",$P6<$O6),"End odometer below start",IF(AND($Q6<>"",$R6<>"",$R6>$Q6),"Loaded miles exceed total",IF(AND($G6<>"",$H6<>"",$H6<$G6),"Delivery before pickup","OK"))))))),"Check inputs"))
A7: TS-260806 | B7: Closed | C7: Jamal Brooks | D7: TRK-103 | E7: TRL-203 | F7: 46240 | G7: 46240.24 | H7: 46241.094 | I7: Atlanta | J7: GA | K7: Orlando | L7: FL | M7: BOL-86479 | N7: Refrigerated | O7: 143110 | P7: 143575 | Q7: =IF(OR($A7="",$O7="",$P7=""),"",IFERROR($P7-$O7,"")) | R7: 440 | S7: =IF(OR($A7="",$Q7="",$R7=""),"",IFERROR($Q7-$R7,"")) | T7: 1560 | U7: =IF($A7="","",IFERROR(SUMIFS('Expenses'!$H$5:$H$504,'Expenses'!$B$5:$B$504,$A7,'Expenses'!$D$5:$D$504,"Diesel Fuel"),0)) | V7: =IF($A7="","",IFERROR(SUMIFS('Expenses'!$I$5:$I$504,'Expenses'!$B$5:$B$504,$A7,'Expenses'!$D$5:$D$504,"Diesel Fuel"),0)) | W7: =IF($A7="","",IFERROR(SUMIFS('Expenses'!$I$5:$I$504,'Expenses'!$B$5:$B$504,$A7)-$V7,0)) | X7: =IF($A7="","",IFERROR($V7+$W7,0)) | Y7: =IF($A7="","",IFERROR($T7-$X7,0)) | Z7: =IF(OR($A7="",$Q7=""),"",IFERROR($T7/$Q7,"")) | AA7: =IF(OR($A7="",$Q7=""),"",IFERROR($X7/$Q7,"")) | AB7: =IF(OR($A7="",$Q7="",$U7=""),"",IFERROR($Q7/$U7,"")) | AC7: Temperature-controlled produce | AD7: =IF($A7="","",IFERROR(IF(COUNTIF($A$5:$A$504,$A7)>1,"Duplicate Trip ID",IF(OR($B7="",$C7="",$D7="",$F7="",$I7="",$J7="",$K7="",$L7=""),"Missing required field",IF(AND(OR($B7="Delivered",$B7="Closed"),OR($G7="",$H7="",$O7="",$P7="",$R7="",$T7="")),"Completed trip missing details",IF(OR($O7<0,$P7<0,$R7<0,$T7<0),"Negative value",IF(AND($O7<>"",$P7<>"",$P7<$O7),"End odometer below start",IF(AND($Q7<>"",$R7<>"",$R7>$Q7),"Loaded miles exceed total",IF(AND($G7<>"",$H7<>"",$H7<$G7),"Delivery before pickup","OK"))))))),"Check inputs"))
A8: TS-260808 | B8: Closed | C8: Sarah Kim | D8: TRK-104 | E8: TRL-204 | F8: 46242 | G8: 46242.333 | H8: 46242.562 | I8: Phoenix | J8: AZ | K8: Las Vegas | L8: NV | M8: BOL-86488 | N8: Dry Van | O8: 67540 | P8: 67845 | Q8: =IF(OR($A8="",$O8="",$P8=""),"",IFERROR($P8-$O8,"")) | R8: 280 | S8: =IF(OR($A8="",$Q8="",$R8=""),"",IFERROR($Q8-$R8,"")) | T8: 1050 | U8: =IF($A8="","",IFERROR(SUMIFS('Expenses'!$H$5:$H$504,'Expenses'!$B$5:$B$504,$A8,'Expenses'!$D$5:$D$504,"Diesel Fuel"),0)) | V8: =IF($A8="","",IFERROR(SUMIFS('Expenses'!$I$5:$I$504,'Expenses'!$B$5:$B$504,$A8,'Expenses'!$D$5:$D$504,"Diesel Fuel"),0)) | W8: =IF($A8="","",IFERROR(SUMIFS('Expenses'!$I$5:$I$504,'Expenses'!$B$5:$B$504,$A8)-$V8,0)) | X8: =IF($A8="","",IFERROR($V8+$W8,0)) | Y8: =IF($A8="","",IFERROR($T8-$X8,0)) | Z8: =IF(OR($A8="",$Q8=""),"",IFERROR($T8/$Q8,"")) | AA8: =IF(OR($A8="",$Q8=""),"",IFERROR($X8/$Q8,"")) | AB8: =IF(OR($A8="",$Q8="",$U8=""),"",IFERROR($Q8/$U8,"")) | AC8: Retail replenishment | AD8: =IF($A8="","",IFERROR(IF(COUNTIF($A$5:$A$504,$A8)>1,"Duplicate Trip ID",IF(OR($B8="",$C8="",$D8="",$F8="",$I8="",$J8="",$K8="",$L8=""),"Missing required field",IF(AND(OR($B8="Delivered",$B8="Closed"),OR($G8="",$H8="",$O8="",$P8="",$R8="",$T8="")),"Completed trip missing details",IF(OR($O8<0,$P8<0,$R8<0,$T8<0),"Negative value",IF(AND($O8<>"",$P8<>"",$P8<$O8),"End odometer below start",IF(AND($Q8<>"",$R8<>"",$R8>$Q8),"Loaded miles exceed total",IF(AND($G8<>"",$H8<>"",$H8<$G8),"Delivery before pickup","OK"))))))),"Check inputs"))
A9: TS-260811 | B9: Closed | C9: Marcus Reed | D9: TRK-101 | E9: TRL-201 | F9: 46245 | G9: 46245.25 | H9: 46245.604 | I9: Houston | J9: TX | K9: New Orleans | L9: LA | M9: BOL-86502 | N9: Refrigerated | O9: 120710 | P9: 121075 | Q9: =IF(OR($A9="",$O9="",$P9=""),"",IFERROR($P9-$O9,"")) | R9: 345 | S9: =IF(OR($A9="",$Q9="",$R9=""),"",IFERROR($Q9-$R9,"")) | T9: 1250 | U9: =IF($A9="","",IFERROR(SUMIFS('Expenses'!$H$5:$H$504,'Expenses'!$B$5:$B$504,$A9,'Expenses'!$D$5:$D$504,"Diesel Fuel"),0)) | V9: =IF($A9="","",IFERROR(SUMIFS('Expenses'!$I$5:$I$504,'Expenses'!$B$5:$B$504,$A9,'Expenses'!$D$5:$D$504,"Diesel Fuel"),0)) | W9: =IF($A9="","",IFERROR(SUMIFS('Expenses'!$I$5:$I$504,'Expenses'!$B$5:$B$504,$A9)-$V9,0)) | X9: =IF($A9="","",IFERROR($V9+$W9,0)) | Y9: =IF($A9="","",IFERROR($T9-$X9,0)) | Z9: =IF(OR($A9="",$Q9=""),"",IFERROR($T9/$Q9,"")) | AA9: =IF(OR($A9="",$Q9=""),"",IFERROR($X9/$Q9,"")) | AB9: =IF(OR($A9="",$Q9="",$U9=""),"",IFERROR($Q9/$U9,"")) | AC9: Foodservice delivery | AD9: =IF($A9="","",IFERROR(IF(COUNTIF($A$5:$A$504,$A9)>1,"Duplicate Trip ID",IF(OR($B9="",$C9="",$D9="",$F9="",$I9="",$J9="",$K9="",$L9=""),"Missing required field",IF(AND(OR($B9="Delivered",$B9="Closed"),OR($G9="",$H9="",$O9="",$P9="",$R9="",$T9="")),"Completed trip missing details",IF(OR($O9<0,$P9<0,$R9<0,$T9<0),"Negative value",IF(AND($O9<>"",$P9<>"",$P9<$O9),"End odometer below start",IF(AND($Q9<>"",$R9<>"",$R9>$Q9),"Loaded miles exceed total",IF(AND($G9<>"",$H9<>"",$H9<$G9),"Delivery before pickup","OK"))))))),"Check inputs"))
A10: TS-260814 | B10: Closed | C10: Elena Torres | D10: TRK-102 | E10: TRL-202 | F10: 46248 | G10: 46248.292 | H10: 46248.552 | I10: Indianapolis | J10: IN | K10: Nashville | L10: TN | M10: BOL-86514 | N10: Dry Van | O10: 88520 | P10: 88825 | Q10: =IF(OR($A10="",$O10="",$P10=""),"",IFERROR($P10-$O10,"")) | R10: 285 | S10: =IF(OR($A10="",$Q10="",$R10=""),"",IFERROR($Q10-$R10,"")) | T10: 1090 | U10: =IF($A10="","",IFERROR(SUMIFS('Expenses'!$H$5:$H$504,'Expenses'!$B$5:$B$504,$A10,'Expenses'!$D$5:$D$504,"Diesel Fuel"),0)) | V10: =IF($A10="","",IFERROR(SUMIFS('Expenses'!$I$5:$I$504,'Expenses'!$B$5:$B$504,$A10,'Expenses'!$D$5:$D$504,"Diesel Fuel"),0)) | W10: =IF($A10="","",IFERROR(SUMIFS('Expenses'!$I$5:$I$504,'Expenses'!$B$5:$B$504,$A10)-$V10,0)) | X10: =IF($A10="","",IFERROR($V10+$W10,0)) | Y10: =IF($A10="","",IFERROR($T10-$X10,0)) | Z10: =IF(OR($A10="",$Q10=""),"",IFERROR($T10/$Q10,"")) | AA10: =IF(OR($A10="",$Q10=""),"",IFERROR($X10/$Q10,"")) | AB10: =IF(OR($A10="",$Q10="",$U10=""),"",IFERROR($Q10/$U10,"")) | AC10: General merchandise | AD10: =IF($A10="","",IFERROR(IF(COUNTIF($A$5:$A$504,$A10)>1,"Duplicate Trip ID",IF(OR($B10="",$C10="",$D10="",$F10="",$I10="",$J10="",$K10="",$L10=""),"Missing required field",IF(AND(OR($B10="Delivered",$B10="Closed"),OR($G10="",$H10="",$O10="",$P10="",$R10="",$T10="")),"Completed trip missing details",IF(OR($O10<0,$P10<0,$R10<0,$T10<0),"Negative value",IF(AND($O10<>"",$P10<>"",$P10<$O10),"End odometer below start",IF(AND($Q10<>"",$R10<>"",$R10>$Q10),"Loaded miles exceed total",IF(AND($G10<>"",$H10<>"",$H10<$G10),"Delivery before pickup","OK"))))))),"Check inputs"))
A11: TS-260817 | B11: Closed | C11: Jamal Brooks | D11: TRK-103 | E11: TRL-203 | F11: 46251 | G11: 46251.26 | H11: 46251.531 | I11: Orlando | J11: FL | K11: Savannah | L11: GA | M11: BOL-86522 | N11: Expedited | O11: 143575 | P11: 143875 | Q11: =IF(OR($A11="",$O11="",$P11=""),"",IFERROR($P11-$O11,"")) | R11: 270 | S11: =IF(OR($A11="",$Q11="",$R11=""),"",IFERROR($Q11-$R11,"")) | T11: 980 | U11: =IF($A11="","",IFERROR(SUMIFS('Expenses'!$H$5:$H$504,'Expenses'!$B$5:$B$504,$A11,'Expenses'!$D$5:$D$504,"Diesel Fuel"),0)) | V11: =IF($A11="","",IFERROR(SUMIFS('Expenses'!$I$5:$I$504,'Expenses'!$B$5:$B$504,$A11,'Expenses'!$D$5:$D$504,"Diesel Fuel"),0)) | W11: =IF($A11="","",IFERROR(SUMIFS('Expenses'!$I$5:$I$504,'Expenses'!$B$5:$B$504,$A11)-$V11,0)) | X11: =IF($A11="","",IFERROR($V11+$W11,0)) | Y11: =IF($A11="","",IFERROR($T11-$X11,0)) | Z11: =IF(OR($A11="",$Q11=""),"",IFERROR($T11/$Q11,"")) | AA11: =IF(OR($A11="",$Q11=""),"",IFERROR($X11/$Q11,"")) | AB11: =IF(OR($A11="",$Q11="",$U11=""),"",IFERROR($Q11/$U11,"")) | AC11: Time-sensitive parts | AD11: =IF($A11="","",IFERROR(IF(COUNTIF($A$5:$A$504,$A11)>1,"Duplicate Trip ID",IF(OR($B11="",$C11="",$D11="",$F11="",$I11="",$J11="",$K11="",$L11=""),"Missing required field",IF(AND(OR($B11="Delivered",$B11="Closed"),OR($G11="",$H11="",$O11="",$P11="",$R11="",$T11="")),"Completed trip missing details",IF(OR($O11<0,$P11<0,$R11<0,$T11<0),"Negative value",IF(AND($O11<>"",$P11<>"",$P11<$O11),"End odometer below start",IF(AND($Q11<>"",$R11<>"",$R11>$Q11),"Loaded miles exceed total",IF(AND($G11<>"",$H11<>"",$H11<$G11),"Delivery before pickup","OK"))))))),"Check inputs"))
A12: TS-260820 | B12: Closed | C12: Sarah Kim | D12: TRK-104 | E12: TRL-204 | F12: 46254 | G12: 46254.229 | H12: 46254.562 | I12: Las Vegas | J12: NV | K12: Salt Lake City | L12: UT | M12: BOL-86531 | N12: Dry Van | O12: 67845 | P12: 68265 | Q12: =IF(OR($A12="",$O12="",$P12=""),"",IFERROR($P12-$O12,"")) | R12: 390 | S12: =IF(OR($A12="",$Q12="",$R12=""),"",IFERROR($Q12-$R12,"")) | T12: 1450 | U12: =IF($A12="","",IFERROR(SUMIFS('Expenses'!$H$5:$H$504,'Expenses'!$B$5:$B$504,$A12,'Expenses'!$D$5:$D$504,"Diesel Fuel"),0)) | V12: =IF($A12="","",IFERROR(SUMIFS('Expenses'!$I$5:$I$504,'Expenses'!$B$5:$B$504,$A12,'Expenses'!$D$5:$D$504,"Diesel Fuel"),0)) | W12: =IF($A12="","",IFERROR(SUMIFS('Expenses'!$I$5:$I$504,'Expenses'!$B$5:$B$504,$A12)-$V12,0)) | X12: =IF($A12="","",IFERROR($V12+$W12,0)) | Y12: =IF($A12="","",IFERROR($T12-$X12,0)) | Z12: =IF(OR($A12="",$Q12=""),"",IFERROR($T12/$Q12,"")) | AA12: =IF(OR($A12="",$Q12=""),"",IFERROR($X12/$Q12,"")) | AB12: =IF(OR($A12="",$Q12="",$U12=""),"",IFERROR($Q12/$U12,"")) | AC12: Retail distribution load | AD12: =IF($A12="","",IFERROR(IF(COUNTIF($A$5:$A$504,$A12)>1,"Duplicate Trip ID",IF(OR($B12="",$C12="",$D12="",$F12="",$I12="",$J12="",$K12="",$L12=""),"Missing required field",IF(AND(OR($B12="Delivered",$B12="Closed"),OR($G12="",$H12="",$O12="",$P12="",$R12="",$T12="")),"Completed trip missing details",IF(OR($O12<0,$P12<0,$R12<0,$T12<0),"Negative value",IF(AND($O12<>"",$P12<>"",$P12<$O12),"End odometer below start",IF(AND($Q12<>"",$R12<>"",$R12>$Q12),"Loaded miles exceed total",IF(AND($G12<>"",$H12<>"",$H12<$G12),"Delivery before pickup","OK"))))))),"Check inputs"))
A13: TS-260824 | B13: In Transit | C13: Marcus Reed | D13: TRK-101 | E13: TRL-201 | F13: 46258 | G13: 46258.281 | I13: New Orleans | J13: LA | K13: Memphis | L13: TN | M13: BOL-86538 | N13: Refrigerated | O13: 121075 | Q13: =IF(OR($A13="",$O13="",$P13=""),"",IFERROR($P13-$O13,"")) | S13: =IF(OR($A13="",$Q13="",$R13=""),"",IFERROR($Q13-$R13,"")) | T13: 1350 | U13: =IF($A13="","",IFERROR(SUMIFS('Expenses'!$H$5:$H$504,'Expenses'!$B$5:$B$504,$A13,'Expenses'!$D$5:$D$504,"Diesel Fuel"),0)) | V13: =IF($A13="","",IFERROR(SUMIFS('Expenses'!$I$5:$I$504,'Expenses'!$B$5:$B$504,$A13,'Expenses'!$D$5:$D$504,"Diesel Fuel"),0)) | W13: =IF($A13="","",IFERROR(SUMIFS('Expenses'!$I$5:$I$504,'Expenses'!$B$5:$B$504,$A13)-$V13,0)) | X13: =IF($A13="","",IFERROR($V13+$W13,0)) | Y13: =IF($A13="","",IFERROR($T13-$X13,0)) | Z13: =IF(OR($A13="",$Q13=""),"",IFERROR($T13/$Q13,"")) | AA13: =IF(OR($A13="",$Q13=""),"",IFERROR($X13/$Q13,"")) | AB13: =IF(OR($A13="",$Q13="",$U13=""),"",IFERROR($Q13/$U13,"")) | AC13: Delivery in progress | AD13: =IF($A13="","",IFERROR(IF(COUNTIF($A$5:$A$504,$A13)>1,"Duplicate Trip ID",IF(OR($B13="",$C13="",$D13="",$F13="",$I13="",$J13="",$K13="",$L13=""),"Missing required field",IF(AND(OR($B13="Delivered",$B13="Closed"),OR($G13="",$H13="",$O13="",$P13="",$R13="",$T13="")),"Completed trip missing details",IF(OR($O13<0,$P13<0,$R13<0,$T13<0),"Negative value",IF(AND($O13<>"",$P13<>"",$P13<$O13),"End odometer below start",IF(AND($Q13<>"",$R13<>"",$R13>$Q13),"Loaded miles exceed total",IF(AND($G13<>"",$H13<>"",$H13<$G13),"Delivery before pickup","OK"))))))),"Check inputs"))
A14: TS-260828 | B14: Planned | C14: Elena Torres | D14: TRK-102 | E14: TRL-202 | F14: 46262 | I14: Nashville | J14: TN | K14: Louisville | L14: KY | M14: BOL-86541 | N14: Dry Van | Q14: =IF(OR($A14="",$O14="",$P14=""),"",IFERROR($P14-$O14,"")) | S14: =IF(OR($A14="",$Q14="",$R14=""),"",IFERROR($Q14-$R14,"")) | T14: 640 | U14: =IF($A14="","",IFERROR(SUMIFS('Expenses'!$H$5:$H$504,'Expenses'!$B$5:$B$504,$A14,'Expenses'!$D$5:$D$504,"Diesel Fuel"),0)) | V14: =IF($A14="","",IFERROR(SUMIFS('Expenses'!$I$5:$I$504,'Expenses'!$B$5:$B$504,$A14,'Expenses'!$D$5:$D$504,"Diesel Fuel"),0)) | W14: =IF($A14="","",IFERROR(SUMIFS('Expenses'!$I$5:$I$504,'Expenses'!$B$5:$B$504,$A14)-$V14,0)) | X14: =IF($A14="","",IFERROR($V14+$W14,0)) | Y14: =IF($A14="","",IFERROR($T14-$X14,0)) | Z14: =IF(OR($A14="",$Q14=""),"",IFERROR($T14/$Q14,"")) | AA14: =IF(OR($A14="",$Q14=""),"",IFERROR($X14/$Q14,"")) | AB14: =IF(OR($A14="",$Q14="",$U14=""),"",IFERROR($Q14/$U14,"")) | AC14: Scheduled pickup | AD14: =IF($A14="","",IFERROR(IF(COUNTIF($A$5:$A$504,$A14)>1,"Duplicate Trip ID",IF(OR($B14="",$C14="",$D14="",$F14="",$I14="",$J14="",$K14="",$L14=""),"Missing required field",IF(AND(OR($B14="Delivered",$B14="Closed"),OR($G14="",$H14="",$O14="",$P14="",$R14="",$T14="")),"Completed trip missing details",IF(OR($O14<0,$P14<0,$R14<0,$T14<0),"Negative value",IF(AND($O14<>"",$P14<>"",$P14<$O14),"End odometer below start",IF(AND($Q14<>"",$R14<>"",$R14>$Q14),"Loaded miles exceed total",IF(AND($G14<>"",$H14<>"",$H14<$G14),"Delivery before pickup","OK"))))))),"Check inputs"))
Q15: =IF(OR($A15="",$O15="",$P15=""),"",IFERROR($P15-$O15,"")) | S15: =IF(OR($A15="",$Q15="",$R15=""),"",IFERROR($Q15-$R15,"")) | U15: =IF($A15="","",IFERROR(SUMIFS('Expenses'!$H$5:$H$504,'Expenses'!$B$5:$B$504,$A15,'Expenses'!$D$5:$D$504,"Diesel Fuel"),0)) | V15: =IF($A15="","",IFERROR(SUMIFS('Expenses'!$I$5:$I$504,'Expenses'!$B$5:$B$504,$A15,'Expenses'!$D$5:$D$504,"Diesel Fuel"),0)) | W15: =IF($A15="","",IFERROR(SUMIFS('Expenses'!$I$5:$I$504,'Expenses'!$B$5:$B$504,$A15)-$V15,0)) | X15: =IF($A15="","",IFERROR($V15+$W15,0)) | Y15: =IF($A15="","",IFERROR($T15-$X15,0)) | Z15: =IF(OR($A15="",$Q15=""),"",IFERROR($T15/$Q15,"")) | AA15: =IF(OR($A15="",$Q15=""),"",IFERROR($X15/$Q15,"")) | AB15: =IF(OR($A15="",$Q15="",$U15=""),"",IFERROR($Q15/$U15,"")) | AD15: =IF($A15="","",IFERROR(IF(COUNTIF($A$5:$A$504,$A15)>1,"Duplicate Trip ID",IF(OR($B15="",$C15="",$D15="",$F15="",$I15="",$J15="",$K15="",$L15=""),"Missing required field",IF(AND(OR($B15="Delivered",$B15="Closed"),OR($G15="",$H15="",$O15="",$P15="",$R15="",$T15="")),"Completed trip missing details",IF(OR($O15<0,$P15<0,$R15<0,$T15<0),"Negative value",IF(AND($O15<>"",$P15<>"",$P15<$O15),"End odometer below start",IF(AND($Q15<>"",$R15<>"",$R15>$Q15),"Loaded miles exceed total",IF(AND($G15<>"",$H15<>"",$H15<$G15),"Delivery before pickup","OK"))))))),"Check inputs"))
Q16: =IF(OR($A16="",$O16="",$P16=""),"",IFERROR($P16-$O16,"")) | S16: =IF(OR($A16="",$Q16="",$R16=""),"",IFERROR($Q16-$R16,"")) | U16: =IF($A16="","",IFERROR(SUMIFS('Expenses'!$H$5:$H$504,'Expenses'!$B$5:$B$504,$A16,'Expenses'!$D$5:$D$504,"Diesel Fuel"),0)) | V16: =IF($A16="","",IFERROR(SUMIFS('Expenses'!$I$5:$I$504,'Expenses'!$B$5:$B$504,$A16,'Expenses'!$D$5:$D$504,"Diesel Fuel"),0)) | W16: =IF($A16="","",IFERROR(SUMIFS('Expenses'!$I$5:$I$504,'Expenses'!$B$5:$B$504,$A16)-$V16,0)) | X16: =IF($A16="","",IFERROR($V16+$W16,0)) | Y16: =IF($A16="","",IFERROR($T16-$X16,0)) | Z16: =IF(OR($A16="",$Q16=""),"",IFERROR($T16/$Q16,"")) | AA16: =IF(OR($A16="",$Q16=""),"",IFERROR($X16/$Q16,"")) | AB16: =IF(OR($A16="",$Q16="",$U16=""),"",IFERROR($Q16/$U16,"")) | AD16: =IF($A16="","",IFERROR(IF(COUNTIF($A$5:$A$504,$A16)>1,"Duplicate Trip ID",IF(OR($B16="",$C16="",$D16="",$F16="",$I16="",$J16="",$K16="",$L16=""),"Missing required field",IF(AND(OR($B16="Delivered",$B16="Closed"),OR($G16="",$H16="",$O16="",$P16="",$R16="",$T16="")),"Completed trip missing details",IF(OR($O16<0,$P16<0,$R16<0,$T16<0),"Negative value",IF(AND($O16<>"",$P16<>"",$P16<$O16),"End odometer below start",IF(AND($Q16<>"",$R16<>"",$R16>$Q16),"Loaded miles exceed total",IF(AND($G16<>"",$H16<>"",$H16<$G16),"Delivery before pickup","OK"))))))),"Check inputs"))
Q17: =IF(OR($A17="",$O17="",$P17=""),"",IFERROR($P17-$O17,"")) | S17: =IF(OR($A17="",$Q17="",$R17=""),"",IFERROR($Q17-$R17,"")) | U17: =IF($A17="","",IFERROR(SUMIFS('Expenses'!$H$5:$H$504,'Expenses'!$B$5:$B$504,$A17,'Expenses'!$D$5:$D$504,"Diesel Fuel"),0)) | V17: =IF($A17="","",IFERROR(SUMIFS('Expenses'!$I$5:$I$504,'Expenses'!$B$5:$B$504,$A17,'Expenses'!$D$5:$D$504,"Diesel Fuel"),0)) | W17: =IF($A17="","",IFERROR(SUMIFS('Expenses'!$I$5:$I$504,'Expenses'!$B$5:$B$504,$A17)-$V17,0)) | X17: =IF($A17="","",IFERROR($V17+$W17,0)) | Y17: =IF($A17="","",IFERROR($T17-$X17,0)) | Z17: =IF(OR($A17="",$Q17=""),"",IFERROR($T17/$Q17,"")) | AA17: =IF(OR($A17="",$Q17=""),"",IFERROR($X17/$Q17,"")) | AB17: =IF(OR($A17="",$Q17="",$U17=""),"",IFERROR($Q17/$U17,"")) | AD17: =IF($A17="","",IFERROR(IF(COUNTIF($A$5:$A$504,$A17)>1,"Duplicate Trip ID",IF(OR($B17="",$C17="",$D17="",$F17="",$I17="",$J17="",$K17="",$L17=""),"Missing required field",IF(AND(OR($B17="Delivered",$B17="Closed"),OR($G17="",$H17="",$O17="",$P17="",$R17="",$T17="")),"Completed trip missing details",IF(OR($O17<0,$P17<0,$R17<0,$T17<0),"Negative value",IF(AND($O17<>"",$P17<>"",$P17<$O17),"End odometer below start",IF(AND($Q17<>"",$R17<>"",$R17>$Q17),"Loaded miles exceed total",IF(AND($G17<>"",$H17<>"",$H17<$G17),"Delivery before pickup","OK"))))))),"Check inputs"))
Q18: =IF(OR($A18="",$O18="",$P18=""),"",IFERROR($P18-$O18,"")) | S18: =IF(OR($A18="",$Q18="",$R18=""),"",IFERROR($Q18-$R18,"")) | U18: =IF($A18="","",IFERROR(SUMIFS('Expenses'!$H$5:$H$504,'Expenses'!$B$5:$B$504,$A18,'Expenses'!$D$5:$D$504,"Diesel Fuel"),0)) | V18: =IF($A18="","",IFERROR(SUMIFS('Expenses'!$I$5:$I$504,'Expenses'!$B$5:$B$504,$A18,'Expenses'!$D$5:$D$504,"Diesel Fuel"),0)) | W18: =IF($A18="","",IFERROR(SUMIFS('Expenses'!$I$5:$I$504,'Expenses'!$B$5:$B$504,$A18)-$V18,0)) | X18: =IF($A18="","",IFERROR($V18+$W18,0)) | Y18: =IF($A18="","",IFERROR($T18-$X18,0)) | Z18: =IF(OR($A18="",$Q18=""),"",IFERROR($T18/$Q18,"")) | AA18: =IF(OR($A18="",$Q18=""),"",IFERROR($X18/$Q18,"")) | AB18: =IF(OR($A18="",$Q18="",$U18=""),"",IFERROR($Q18/$U18,"")) | AD18: =IF($A18="","",IFERROR(IF(COUNTIF($A$5:$A$504,$A18)>1,"Duplicate Trip ID",IF(OR($B18="",$C18="",$D18="",$F18="",$I18="",$J18="",$K18="",$L18=""),"Missing required field",IF(AND(OR($B18="Delivered",$B18="Closed"),OR($G18="",$H18="",$O18="",$P18="",$R18="",$T18="")),"Completed trip missing details",IF(OR($O18<0,$P18<0,$R18<0,$T18<0),"Negative value",IF(AND($O18<>"",$P18<>"",$P18<$O18),"End odometer below start",IF(AND($Q18<>"",$R18<>"",$R18>$Q18),"Loaded miles exceed total",IF(AND($G18<>"",$H18<>"",$H18<$G18),"Delivery before pickup","OK"))))))),"Check inputs"))
Q19: =IF(OR($A19="",$O19="",$P19=""),"",IFERROR($P19-$O19,"")) | S19: =IF(OR($A19="",$Q19="",$R19=""),"",IFERROR($Q19-$R19,"")) | U19: =IF($A19="","",IFERROR(SUMIFS('Expenses'!$H$5:$H$504,'Expenses'!$B$5:$B$504,$A19,'Expenses'!$D$5:$D$504,"Diesel Fuel"),0)) | V19: =IF($A19="","",IFERROR(SUMIFS('Expenses'!$I$5:$I$504,'Expenses'!$B$5:$B$504,$A19,'Expenses'!$D$5:$D$504,"Diesel Fuel"),0)) | W19: =IF($A19="","",IFERROR(SUMIFS('Expenses'!$I$5:$I$504,'Expenses'!$B$5:$B$504,$A19)-$V19,0)) | X19: =IF($A19="","",IFERROR($V19+$W19,0)) | Y19: =IF($A19="","",IFERROR($T19-$X19,0)) | Z19: =IF(OR($A19="",$Q19=""),"",IFERROR($T19/$Q19,"")) | AA19: =IF(OR($A19="",$Q19=""),"",IFERROR($X19/$Q19,"")) | AB19: =IF(OR($A19="",$Q19="",$U19=""),"",IFERROR($Q19/$U19,"")) | AD19: =IF($A19="","",IFERROR(IF(COUNTIF($A$5:$A$504,$A19)>1,"Duplicate Trip ID",IF(OR($B19="",$C19="",$D19="",$F19="",$I19="",$J19="",$K19="",$L19=""),"Missing required field",IF(AND(OR($B19="Delivered",$B19="Closed"),OR($G19="",$H19="",$O19="",$P19="",$R19="",$T19="")),"Completed trip missing details",IF(OR($O19<0,$P19<0,$R19<0,$T19<0),"Negative value",IF(AND($O19<>"",$P19<>"",$P19<$O19),"End odometer below start",IF(AND($Q19<>"",$R19<>"",$R19>$Q19),"Loaded miles exceed total",IF(AND($G19<>"",$H19<>"",$H19<$G19),"Delivery before pickup","OK"))))))),"Check inputs"))
Q20: =IF(OR($A20="",$O20="",$P20=""),"",IFERROR($P20-$O20,"")) | S20: =IF(OR($A20="",$Q20="",$R20=""),"",IFERROR($Q20-$R20,"")) | U20: =IF($A20="","",IFERROR(SUMIFS('Expenses'!$H$5:$H$504,'Expenses'!$B$5:$B$504,$A20,'Expenses'!$D$5:$D$504,"Diesel Fuel"),0)) | V20: =IF($A20="","",IFERROR(SUMIFS('Expenses'!$I$5:$I$504,'Expenses'!$B$5:$B$504,$A20,'Expenses'!$D$5:$D$504,"Diesel Fuel"),0)) | W20: =IF($A20="","",IFERROR(SUMIFS('Expenses'!$I$5:$I$504,'Expenses'!$B$5:$B$504,$A20)-$V20,0)) | X20: =IF($A20="","",IFERROR($V20+$W20,0)) | Y20: =IF($A20="","",IFERROR($T20-$X20,0)) | Z20: =IF(OR($A20="",$Q20=""),"",IFERROR($T20/$Q20,"")) | AA20: =IF(OR($A20="",$Q20=""),"",IFERROR($X20/$Q20,"")) | AB20: =IF(OR($A20="",$Q20="",$U20=""),"",IFERROR($Q20/$U20,"")) | AD20: =IF($A20="","",IFERROR(IF(COUNTIF($A$5:$A$504,$A20)>1,"Duplicate Trip ID",IF(OR($B20="",$C20="",$D20="",$F20="",$I20="",$J20="",$K20="",$L20=""),"Missing required field",IF(AND(OR($B20="Delivered",$B20="Closed"),OR($G20="",$H20="",$O20="",$P20="",$R20="",$T20="")),"Completed trip missing details",IF(OR($O20<0,$P20<0,$R20<0,$T20<0),"Negative value",IF(AND($O20<>"",$P20<>"",$P20<$O20),"End odometer below start",IF(AND($Q20<>"",$R20<>"",$R20>$Q20),"Loaded miles exceed total",IF(AND($G20<>"",$H20<>"",$H20<$G20),"Delivery before pickup","OK"))))))),"Check inputs"))
Q21: =IF(OR($A21="",$O21="",$P21=""),"",IFERROR($P21-$O21,"")) | S21: =IF(OR($A21="",$Q21="",$R21=""),"",IFERROR($Q21-$R21,"")) | U21: =IF($A21="","",IFERROR(SUMIFS('Expenses'!$H$5:$H$504,'Expenses'!$B$5:$B$504,$A21,'Expenses'!$D$5:$D$504,"Diesel Fuel"),0)) | V21: =IF($A21="","",IFERROR(SUMIFS('Expenses'!$I$5:$I$504,'Expenses'!$B$5:$B$504,$A21,'Expenses'!$D$5:$D$504,"Diesel Fuel"),0)) | W21: =IF($A21="","",IFERROR(SUMIFS('Expenses'!$I$5:$I$504,'Expenses'!$B$5:$B$504,$A21)-$V21,0)) | X21: =IF($A21="","",IFERROR($V21+$W21,0)) | Y21: =IF($A21="","",IFERROR($T21-$X21,0)) | Z21: =IF(OR($A21="",$Q21=""),"",IFERROR($T21/$Q21,"")) | AA21: =IF(OR($A21="",$Q21=""),"",IFERROR($X21/$Q21,"")) | AB21: =IF(OR($A21="",$Q21="",$U21=""),"",IFERROR($Q21/$U21,"")) | AD21: =IF($A21="","",IFERROR(IF(COUNTIF($A$5:$A$504,$A21)>1,"Duplicate Trip ID",IF(OR($B21="",$C21="",$D21="",$F21="",$I21="",$J21="",$K21="",$L21=""),"Missing required field",IF(AND(OR($B21="Delivered",$B21="Closed"),OR($G21="",$H21="",$O21="",$P21="",$R21="",$T21="")),"Completed trip missing details",IF(OR($O21<0,$P21<0,$R21<0,$T21<0),"Negative value",IF(AND($O21<>"",$P21<>"",$P21<$O21),"End odometer below start",IF(AND($Q21<>"",$R21<>"",$R21>$Q21),"Loaded miles exceed total",IF(AND($G21<>"",$H21<>"",$H21<$G21),"Delivery before pickup","OK"))))))),"Check inputs"))
Q22: =IF(OR($A22="",$O22="",$P22=""),"",IFERROR($P22-$O22,"")) | S22: =IF(OR($A22="",$Q22="",$R22=""),"",IFERROR($Q22-$R22,"")) | U22: =IF($A22="","",IFERROR(SUMIFS('Expenses'!$H$5:$H$504,'Expenses'!$B$5:$B$504,$A22,'Expenses'!$D$5:$D$504,"Diesel Fuel"),0)) | V22: =IF($A22="","",IFERROR(SUMIFS('Expenses'!$I$5:$I$504,'Expenses'!$B$5:$B$504,$A22,'Expenses'!$D$5:$D$504,"Diesel Fuel"),0)) | W22: =IF($A22="","",IFERROR(SUMIFS('Expenses'!$I$5:$I$504,'Expenses'!$B$5:$B$504,$A22)-$V22,0)) | X22: =IF($A22="","",IFERROR($V22+$W22,0)) | Y22: =IF($A22="","",IFERROR($T22-$X22,0)) | Z22: =IF(OR($A22="",$Q22=""),"",IFERROR($T22/$Q22,"")) | AA22: =IF(OR($A22="",$Q22=""),"",IFERROR($X22/$Q22,"")) | AB22: =IF(OR($A22="",$Q22="",$U22=""),"",IFERROR($Q22/$U22,"")) | AD22: =IF($A22="","",IFERROR(IF(COUNTIF($A$5:$A$504,$A22)>1,"Duplicate Trip ID",IF(OR($B22="",$C22="",$D22="",$F22="",$I22="",$J22="",$K22="",$L22=""),"Missing required field",IF(AND(OR($B22="Delivered",$B22="Closed"),OR($G22="",$H22="",$O22="",$P22="",$R22="",$T22="")),"Completed trip missing details",IF(OR($O22<0,$P22<0,$R22<0,$T22<0),"Negative value",IF(AND($O22<>"",$P22<>"",$P22<$O22),"End odometer below start",IF(AND($Q22<>"",$R22<>"",$R22>$Q22),"Loaded miles exceed total",IF(AND($G22<>"",$H22<>"",$H22<$G22),"Delivery before pickup","OK"))))))),"Check inputs"))
Q23: =IF(OR($A23="",$O23="",$P23=""),"",IFERROR($P23-$O23,"")) | S23: =IF(OR($A23="",$Q23="",$R23=""),"",IFERROR($Q23-$R23,"")) | U23: =IF($A23="","",IFERROR(SUMIFS('Expenses'!$H$5:$H$504,'Expenses'!$B$5:$B$504,$A23,'Expenses'!$D$5:$D$504,"Diesel Fuel"),0)) | V23: =IF($A23="","",IFERROR(SUMIFS('Expenses'!$I$5:$I$504,'Expenses'!$B$5:$B$504,$A23,'Expenses'!$D$5:$D$504,"Diesel Fuel"),0)) | W23: =IF($A23="","",IFERROR(SUMIFS('Expenses'!$I$5:$I$504,'Expenses'!$B$5:$B$504,$A23)-$V23,0)) | X23: =IF($A23="","",IFERROR($V23+$W23,0)) | Y23: =IF($A23="","",IFERROR($T23-$X23,0)) | Z23: =IF(OR($A23="",$Q23=""),"",IFERROR($T23/$Q23,"")) | AA23: =IF(OR($A23="",$Q23=""),"",IFERROR($X23/$Q23,"")) | AB23: =IF(OR($A23="",$Q23="",$U23=""),"",IFERROR($Q23/$U23,"")) | AD23: =IF($A23="","",IFERROR(IF(COUNTIF($A$5:$A$504,$A23)>1,"Duplicate Trip ID",IF(OR($B23="",$C23="",$D23="",$F23="",$I23="",$J23="",$K23="",$L23=""),"Missing required field",IF(AND(OR($B23="Delivered",$B23="Closed"),OR($G23="",$H23="",$O23="",$P23="",$R23="",$T23="")),"Completed trip missing details",IF(OR($O23<0,$P23<0,$R23<0,$T23<0),"Negative value",IF(AND($O23<>"",$P23<>"",$P23<$O23),"End odometer below start",IF(AND($Q23<>"",$R23<>"",$R23>$Q23),"Loaded miles exceed total",IF(AND($G23<>"",$H23<>"",$H23<$G23),"Delivery before pickup","OK"))))))),"Check inputs"))
Q24: =IF(OR($A24="",$O24="",$P24=""),"",IFERROR($P24-$O24,"")) | S24: =IF(OR($A24="",$Q24="",$R24=""),"",IFERROR($Q24-$R24,"")) | U24: =IF($A24="","",IFERROR(SUMIFS('Expenses'!$H$5:$H$504,'Expenses'!$B$5:$B$504,$A24,'Expenses'!$D$5:$D$504,"Diesel Fuel"),0)) | V24: =IF($A24="","",IFERROR(SUMIFS('Expenses'!$I$5:$I$504,'Expenses'!$B$5:$B$504,$A24,'Expenses'!$D$5:$D$504,"Diesel Fuel"),0)) | W24: =IF($A24="","",IFERROR(SUMIFS('Expenses'!$I$5:$I$504,'Expenses'!$B$5:$B$504,$A24)-$V24,0)) | X24: =IF($A24="","",IFERROR($V24+$W24,0)) | Y24: =IF($A24="","",IFERROR($T24-$X24,0)) | Z24: =IF(OR($A24="",$Q24=""),"",IFERROR($T24/$Q24,"")) | AA24: =IF(OR($A24="",$Q24=""),"",IFERROR($X24/$Q24,"")) | AB24: =IF(OR($A24="",$Q24="",$U24=""),"",IFERROR($Q24/$U24,"")) | AD24: =IF($A24="","",IFERROR(IF(COUNTIF($A$5:$A$504,$A24)>1,"Duplicate Trip ID",IF(OR($B24="",$C24="",$D24="",$F24="",$I24="",$J24="",$K24="",$L24=""),"Missing required field",IF(AND(OR($B24="Delivered",$B24="Closed"),OR($G24="",$H24="",$O24="",$P24="",$R24="",$T24="")),"Completed trip missing details",IF(OR($O24<0,$P24<0,$R24<0,$T24<0),"Negative value",IF(AND($O24<>"",$P24<>"",$P24<$O24),"End odometer below start",IF(AND($Q24<>"",$R24<>"",$R24>$Q24),"Loaded miles exceed total",IF(AND($G24<>"",$H24<>"",$H24<$G24),"Delivery before pickup","OK"))))))),"Check inputs"))
Q25: =IF(OR($A25="",$O25="",$P25=""),"",IFERROR($P25-$O25,"")) | S25: =IF(OR($A25="",$Q25="",$R25=""),"",IFERROR($Q25-$R25,"")) | U25: =IF($A25="","",IFERROR(SUMIFS('Expenses'!$H$5:$H$504,'Expenses'!$B$5:$B$504,$A25,'Expenses'!$D$5:$D$504,"Diesel Fuel"),0)) | V25: =IF($A25="","",IFERROR(SUMIFS('Expenses'!$I$5:$I$504,'Expenses'!$B$5:$B$504,$A25,'Expenses'!$D$5:$D$504,"Diesel Fuel"),0)) | W25: =IF($A25="","",IFERROR(SUMIFS('Expenses'!$I$5:$I$504,'Expenses'!$B$5:$B$504,$A25)-$V25,0)) | X25: =IF($A25="","",IFERROR($V25+$W25,0)) | Y25: =IF($A25="","",IFERROR($T25-$X25,0)) | Z25: =IF(OR($A25="",$Q25=""),"",IFERROR($T25/$Q25,"")) | AA25: =IF(OR($A25="",$Q25=""),"",IFERROR($X25/$Q25,"")) | AB25: =IF(OR($A25="",$Q25="",$U25=""),"",IFERROR($Q25/$U25,"")) | AD25: =IF($A25="","",IFERROR(IF(COUNTIF($A$5:$A$504,$A25)>1,"Duplicate Trip ID",IF(OR($B25="",$C25="",$D25="",$F25="",$I25="",$J25="",$K25="",$L25=""),"Missing required field",IF(AND(OR($B25="Delivered",$B25="Closed"),OR($G25="",$H25="",$O25="",$P25="",$R25="",$T25="")),"Completed trip missing details",IF(OR($O25<0,$P25<0,$R25<0,$T25<0),"Negative value",IF(AND($O25<>"",$P25<>"",$P25<$O25),"End odometer below start",IF(AND($Q25<>"",$R25<>"",$R25>$Q25),"Loaded miles exceed total",IF(AND($G25<>"",$H25<>"",$H25<$G25),"Delivery before pickup","OK"))))))),"Check inputs"))
Q26: =IF(OR($A26="",$O26="",$P26=""),"",IFERROR($P26-$O26,"")) | S26: =IF(OR($A26="",$Q26="",$R26=""),"",IFERROR($Q26-$R26,"")) | U26: =IF($A26="","",IFERROR(SUMIFS('Expenses'!$H$5:$H$504,'Expenses'!$B$5:$B$504,$A26,'Expenses'!$D$5:$D$504,"Diesel Fuel"),0)) | V26: =IF($A26="","",IFERROR(SUMIFS('Expenses'!$I$5:$I$504,'Expenses'!$B$5:$B$504,$A26,'Expenses'!$D$5:$D$504,"Diesel Fuel"),0)) | W26: =IF($A26="","",IFERROR(SUMIFS('Expenses'!$I$5:$I$504,'Expenses'!$B$5:$B$504,$A26)-$V26,0)) | X26: =IF($A26="","",IFERROR($V26+$W26,0)) | Y26: =IF($A26="","",IFERROR($T26-$X26,0)) | Z26: =IF(OR($A26="",$Q26=""),"",IFERROR($T26/$Q26,"")) | AA26: =IF(OR($A26="",$Q26=""),"",IFERROR($X26/$Q26,"")) | AB26: =IF(OR($A26="",$Q26="",$U26=""),"",IFERROR($Q26/$U26,"")) | AD26: =IF($A26="","",IFERROR(IF(COUNTIF($A$5:$A$504,$A26)>1,"Duplicate Trip ID",IF(OR($B26="",$C26="",$D26="",$F26="",$I26="",$J26="",$K26="",$L26=""),"Missing required field",IF(AND(OR($B26="Delivered",$B26="Closed"),OR($G26="",$H26="",$O26="",$P26="",$R26="",$T26="")),"Completed trip missing details",IF(OR($O26<0,$P26<0,$R26<0,$T26<0),"Negative value",IF(AND($O26<>"",$P26<>"",$P26<$O26),"End odometer below start",IF(AND($Q26<>"",$R26<>"",$R26>$Q26),"Loaded miles exceed total",IF(AND($G26<>"",$H26<>"",$H26<$G26),"Delivery before pickup","OK"))))))),"Check inputs"))
... Q504: =IF(OR($A504="",$O504="",$P504=""),"",IFERROR($P504-$O504,"")) | S504: =IF(OR($A504="",$Q504="",$R504=""),"",IFERROR($Q504-$R504,"")) | U504: =IF($A504="","",IFERROR(SUMIFS('Expenses'!$H$5:$H$504,'Expenses'!$B$5:$B$504,$A504,'Expenses'!$D$5:$D$504,"Diesel Fuel"),0)) | V504: =IF($A504="","",IFERROR(SUMIFS('Expenses'!$I$5:$I$504,'Expenses'!$B$5:$B$504,$A504,'Expenses'!$D$5:$D$504,"Diesel Fuel"),0)) | W504: =IF($A504="","",IFERROR(SUMIFS('Expenses'!$I$5:$I$504,'Expenses'!$B$5:$B$504,$A504)-$V504,0)) | X504: =IF($A504="","",IFERROR($V504+$W504,0)) | Y504: =IF($A504="","",IFERROR($T504-$X504,0)) | Z504: =IF(OR($A504="",$Q504=""),"",IFERROR($T504/$Q504,"")) | AA504: =IF(OR($A504="",$Q504=""),"",IFERROR($X504/$Q504,"")) | AB504: =IF(OR($A504="",$Q504="",$U504=""),"",IFERROR($Q504/$U504,"")) | AD504: =IF($A504="","",IFERROR(IF(COUNTIF($A$5:$A$504,$A504)>1,"Duplicate Trip ID",IF(OR($B504="",$C504="",$D504="",$F504="",$I504="",$J504="",$K504="",$L504=""),"Missing required field",IF(AND(OR($B504="Delivered",$B504="Closed"),OR($G504="",$H504="",$O504="",$P504="",$R504="",$T504="")),"Completed trip missing details",IF(OR($O504<0,$P504<0,$R504<0,$T504<0),"Negative value",IF(AND($O504<>"",$P504<>"",$P504<$O504),"End odometer below start",IF(AND($Q504<>"",$R504<>"",$R504>$Q504),"Loaded miles exceed total",IF(AND($G504<>"",$H504<>"",$H504<$G504),"Delivery before pickup","OK"))))))),"Check inputs"))

Sheet Expenses
A1: Trip Fuel and Expense Log
A2: Enter one expense per row. Diesel fuel entries require gallons. Enter the actual transaction amount in the Amount column.
A3: Yellow = Input | Blue = Calculated | Green = OK | Red = Review Needed
A4: Expense ID | B4: Trip ID | C4: Expense Date | D4: Category | E4: Vendor | F4: City | G4: State | H4: Gallons | I4: Amount | J4: Cost per Gallon | K4: Payment Method | L4: Receipt / Reference | M4: Notes | N4: Data Check
A5: EX-260801-A | B5: TS-260801 | C5: 46235 | D5: Diesel Fuel | E5: Lone Star Travel Center | F5: Dallas | G5: TX | H5: 36.5 | I5: 124.83 | J5: =IF(OR($A5="",$D5<>"Diesel Fuel",$H5="",$I5=""),"",IFERROR($I5/$H5,"")) | K5: Fuel Card | L5: R-80115 | M5: Pre-trip fill | N5: =IF($A5="","",IFERROR(IF(COUNTIF($A$5:$A$504,$A5)>1,"Duplicate Expense ID",IF(OR($B5="",$C5="",$D5="",$I5=""),"Missing required field",IF(COUNTIF('Trip Log'!$A$5:$A$504,$B5)=0,"Unknown Trip ID",IF($I5<0,"Negative amount",IF(AND($D5="Diesel Fuel",OR($H5="",$H5<=0)),"Fuel gallons required","OK"))))),"Check inputs"))
A6: EX-260801-B | B6: TS-260801 | C6: 46235 | D6: Tolls | E6: EZ TAG | F6: Houston | G6: TX | I6: 18.75 | J6: =IF(OR($A6="",$D6<>"Diesel Fuel",$H6="",$I6=""),"",IFERROR($I6/$H6,"")) | K6: Company Card | L6: TAG-8019 | M6: Houston-area tolls | N6: =IF($A6="","",IFERROR(IF(COUNTIF($A$5:$A$504,$A6)>1,"Duplicate Expense ID",IF(OR($B6="",$C6="",$D6="",$I6=""),"Missing required field",IF(COUNTIF('Trip Log'!$A$5:$A$504,$B6)=0,"Unknown Trip ID",IF($I6<0,"Negative amount",IF(AND($D6="Diesel Fuel",OR($H6="",$H6<=0)),"Fuel gallons required","OK"))))),"Check inputs"))
A7: EX-260803-A | B7: TS-260803 | C7: 46237 | D7: Diesel Fuel | E7: Love's Travel Stop | F7: Lebanon | G7: IN | H7: 28.2 | I7: 100.96 | J7: =IF(OR($A7="",$D7<>"Diesel Fuel",$H7="",$I7=""),"",IFERROR($I7/$H7,"")) | K7: Fuel Card | L7: R-80344 | M7: Route fuel | N7: =IF($A7="","",IFERROR(IF(COUNTIF($A$5:$A$504,$A7)>1,"Duplicate Expense ID",IF(OR($B7="",$C7="",$D7="",$I7=""),"Missing required field",IF(COUNTIF('Trip Log'!$A$5:$A$504,$B7)=0,"Unknown Trip ID",IF($I7<0,"Negative amount",IF(AND($D7="Diesel Fuel",OR($H7="",$H7<=0)),"Fuel gallons required","OK"))))),"Check inputs"))
A8: EX-260806-A | B8: TS-260806 | C8: 46240 | D8: Diesel Fuel | E8: Pilot Travel Center | F8: Atlanta | G8: GA | H8: 64.8 | I8: 219.67 | J8: =IF(OR($A8="",$D8<>"Diesel Fuel",$H8="",$I8=""),"",IFERROR($I8/$H8,"")) | K8: Fuel Card | L8: R-80627 | M8: Full tank before departure | N8: =IF($A8="","",IFERROR(IF(COUNTIF($A$5:$A$504,$A8)>1,"Duplicate Expense ID",IF(OR($B8="",$C8="",$D8="",$I8=""),"Missing required field",IF(COUNTIF('Trip Log'!$A$5:$A$504,$B8)=0,"Unknown Trip ID",IF($I8<0,"Negative amount",IF(AND($D8="Diesel Fuel",OR($H8="",$H8<=0)),"Fuel gallons required","OK"))))),"Check inputs"))
A9: EX-260807-B | B9: TS-260806 | C9: 46241 | D9: Parking | E9: Orlando Truck Parking | F9: Orlando | G9: FL | I9: 22 | J9: =IF(OR($A9="",$D9<>"Diesel Fuel",$H9="",$I9=""),"",IFERROR($I9/$H9,"")) | K9: Company Card | L9: PK-80712 | M9: Overnight parking | N9: =IF($A9="","",IFERROR(IF(COUNTIF($A$5:$A$504,$A9)>1,"Duplicate Expense ID",IF(OR($B9="",$C9="",$D9="",$I9=""),"Missing required field",IF(COUNTIF('Trip Log'!$A$5:$A$504,$B9)=0,"Unknown Trip ID",IF($I9<0,"Negative amount",IF(AND($D9="Diesel Fuel",OR($H9="",$H9<=0)),"Fuel gallons required","OK"))))),"Check inputs"))
A10: EX-260808-A | B10: TS-260808 | C10: 46242 | D10: Diesel Fuel | E10: TA Travel Center | F10: Phoenix | G10: AZ | H10: 44.1 | I10: 171.55 | J10: =IF(OR($A10="",$D10<>"Diesel Fuel",$H10="",$I10=""),"",IFERROR($I10/$H10,"")) | K10: Fuel Card | L10: R-80863 | M10: Fuel purchase | N10: =IF($A10="","",IFERROR(IF(COUNTIF($A$5:$A$504,$A10)>1,"Duplicate Expense ID",IF(OR($B10="",$C10="",$D10="",$I10=""),"Missing required field",IF(COUNTIF('Trip Log'!$A$5:$A$504,$B10)=0,"Unknown Trip ID",IF($I10<0,"Negative amount",IF(AND($D10="Diesel Fuel",OR($H10="",$H10<=0)),"Fuel gallons required","OK"))))),"Check inputs"))
A11: EX-260811-A | B11: TS-260811 | C11: 46245 | D11: Diesel Fuel | E11: Shell Fleet Station | F11: Houston | G11: TX | H11: 51.7 | I11: 173.71 | J11: =IF(OR($A11="",$D11<>"Diesel Fuel",$H11="",$I11=""),"",IFERROR($I11/$H11,"")) | K11: Fuel Card | L11: R-81135 | M11: Fuel purchase | N11: =IF($A11="","",IFERROR(IF(COUNTIF($A$5:$A$504,$A11)>1,"Duplicate Expense ID",IF(OR($B11="",$C11="",$D11="",$I11=""),"Missing required field",IF(COUNTIF('Trip Log'!$A$5:$A$504,$B11)=0,"Unknown Trip ID",IF($I11<0,"Negative amount",IF(AND($D11="Diesel Fuel",OR($H11="",$H11<=0)),"Fuel gallons required","OK"))))),"Check inputs"))
A12: EX-260814-A | B12: TS-260814 | C12: 46248 | D12: Diesel Fuel | E12: Love's Travel Stop | F12: Indianapolis | G12: IN | H12: 43.6 | I12: 152.16 | J12: =IF(OR($A12="",$D12<>"Diesel Fuel",$H12="",$I12=""),"",IFERROR($I12/$H12,"")) | K12: Fuel Card | L12: R-81452 | M12: Morning fill | N12: =IF($A12="","",IFERROR(IF(COUNTIF($A$5:$A$504,$A12)>1,"Duplicate Expense ID",IF(OR($B12="",$C12="",$D12="",$I12=""),"Missing required field",IF(COUNTIF('Trip Log'!$A$5:$A$504,$B12)=0,"Unknown Trip ID",IF($I12<0,"Negative amount",IF(AND($D12="Diesel Fuel",OR($H12="",$H12<=0)),"Fuel gallons required","OK"))))),"Check inputs"))
A13: EX-260817-A | B13: TS-260817 | C13: 46251 | D13: Diesel Fuel | E13: Pilot Travel Center | F13: Orlando | G13: FL | H13: 42.9 | I13: 147.58 | J13: =IF(OR($A13="",$D13<>"Diesel Fuel",$H13="",$I13=""),"",IFERROR($I13/$H13,"")) | K13: Fuel Card | L13: R-81729 | M13: Fuel purchase | N13: =IF($A13="","",IFERROR(IF(COUNTIF($A$5:$A$504,$A13)>1,"Duplicate Expense ID",IF(OR($B13="",$C13="",$D13="",$I13=""),"Missing required field",IF(COUNTIF('Trip Log'!$A$5:$A$504,$B13)=0,"Unknown Trip ID",IF($I13<0,"Negative amount",IF(AND($D13="Diesel Fuel",OR($H13="",$H13<=0)),"Fuel gallons required","OK"))))),"Check inputs"))
A14: EX-260820-A | B14: TS-260820 | C14: 46254 | D14: Diesel Fuel | E14: Maverik | F14: Las Vegas | G14: NV | H14: 59.5 | I14: 233.24 | J14: =IF(OR($A14="",$D14<>"Diesel Fuel",$H14="",$I14=""),"",IFERROR($I14/$H14,"")) | K14: Fuel Card | L14: R-82081 | M14: Full tank before departure | N14: =IF($A14="","",IFERROR(IF(COUNTIF($A$5:$A$504,$A14)>1,"Duplicate Expense ID",IF(OR($B14="",$C14="",$D14="",$I14=""),"Missing required field",IF(COUNTIF('Trip Log'!$A$5:$A$504,$B14)=0,"Unknown Trip ID",IF($I14<0,"Negative amount",IF(AND($D14="Diesel Fuel",OR($H14="",$H14<=0)),"Fuel gallons required","OK"))))),"Check inputs"))
J15: =IF(OR($A15="",$D15<>"Diesel Fuel",$H15="",$I15=""),"",IFERROR($I15/$H15,"")) | N15: =IF($A15="","",IFERROR(IF(COUNTIF($A$5:$A$504,$A15)>1,"Duplicate Expense ID",IF(OR($B15="",$C15="",$D15="",$I15=""),"Missing required field",IF(COUNTIF('Trip Log'!$A$5:$A$504,$B15)=0,"Unknown Trip ID",IF($I15<0,"Negative amount",IF(AND($D15="Diesel Fuel",OR($H15="",$H15<=0)),"Fuel gallons required","OK"))))),"Check inputs"))
J16: =IF(OR($A16="",$D16<>"Diesel Fuel",$H16="",$I16=""),"",IFERROR($I16/$H16,"")) | N16: =IF($A16="","",IFERROR(IF(COUNTIF($A$5:$A$504,$A16)>1,"Duplicate Expense ID",IF(OR($B16="",$C16="",$D16="",$I16=""),"Missing required field",IF(COUNTIF('Trip Log'!$A$5:$A$504,$B16)=0,"Unknown Trip ID",IF($I16<0,"Negative amount",IF(AND($D16="Diesel Fuel",OR($H16="",$H16<=0)),"Fuel gallons required","OK"))))),"Check inputs"))
J17: =IF(OR($A17="",$D17<>"Diesel Fuel",$H17="",$I17=""),"",IFERROR($I17/$H17,"")) | N17: =IF($A17="","",IFERROR(IF(COUNTIF($A$5:$A$504,$A17)>1,"Duplicate Expense ID",IF(OR($B17="",$C17="",$D17="",$I17=""),"Missing required field",IF(COUNTIF('Trip Log'!$A$5:$A$504,$B17)=0,"Unknown Trip ID",IF($I17<0,"Negative amount",IF(AND($D17="Diesel Fuel",OR($H17="",$H17<=0)),"Fuel gallons required","OK"))))),"Check inputs"))
J18: =IF(OR($A18="",$D18<>"Diesel Fuel",$H18="",$I18=""),"",IFERROR($I18/$H18,"")) | N18: =IF($A18="","",IFERROR(IF(COUNTIF($A$5:$A$504,$A18)>1,"Duplicate Expense ID",IF(OR($B18="",$C18="",$D18="",$I18=""),"Missing required field",IF(COUNTIF('Trip Log'!$A$5:$A$504,$B18)=0,"Unknown Trip ID",IF($I18<0,"Negative amount",IF(AND($D18="Diesel Fuel",OR($H18="",$H18<=0)),"Fuel gallons required","OK"))))),"Check inputs"))
J19: =IF(OR($A19="",$D19<>"Diesel Fuel",$H19="",$I19=""),"",IFERROR($I19/$H19,"")) | N19: =IF($A19="","",IFERROR(IF(COUNTIF($A$5:$A$504,$A19)>1,"Duplicate Expense ID",IF(OR($B19="",$C19="",$D19="",$I19=""),"Missing required field",IF(COUNTIF('Trip Log'!$A$5:$A$504,$B19)=0,"Unknown Trip ID",IF($I19<0,"Negative amount",IF(AND($D19="Diesel Fuel",OR($H19="",$H19<=0)),"Fuel gallons required","OK"))))),"Check inputs"))
J20: =IF(OR($A20="",$D20<>"Diesel Fuel",$H20="",$I20=""),"",IFERROR($I20/$H20,"")) | N20: =IF($A20="","",IFERROR(IF(COUNTIF($A$5:$A$504,$A20)>1,"Duplicate Expense ID",IF(OR($B20="",$C20="",$D20="",$I20=""),"Missing required field",IF(COUNTIF('Trip Log'!$A$5:$A$504,$B20)=0,"Unknown Trip ID",IF($I20<0,"Negative amount",IF(AND($D20="Diesel Fuel",OR($H20="",$H20<=0)),"Fuel gallons required","OK"))))),"Check inputs"))
J21: =IF(OR($A21="",$D21<>"Diesel Fuel",$H21="",$I21=""),"",IFERROR($I21/$H21,"")) | N21: =IF($A21="","",IFERROR(IF(COUNTIF($A$5:$A$504,$A21)>1,"Duplicate Expense ID",IF(OR($B21="",$C21="",$D21="",$I21=""),"Missing required field",IF(COUNTIF('Trip Log'!$A$5:$A$504,$B21)=0,"Unknown Trip ID",IF($I21<0,"Negative amount",IF(AND($D21="Diesel Fuel",OR($H21="",$H21<=0)),"Fuel gallons required","OK"))))),"Check inputs"))
J22: =IF(OR($A22="",$D22<>"Diesel Fuel",$H22="",$I22=""),"",IFERROR($I22/$H22,"")) | N22: =IF($A22="","",IFERROR(IF(COUNTIF($A$5:$A$504,$A22)>1,"Duplicate Expense ID",IF(OR($B22="",$C22="",$D22="",$I22=""),"Missing required field",IF(COUNTIF('Trip Log'!$A$5:$A$504,$B22)=0,"Unknown Trip ID",IF($I22<0,"Negative amount",IF(AND($D22="Diesel Fuel",OR($H22="",$H22<=0)),"Fuel gallons required","OK"))))),"Check inputs"))
J23: =IF(OR($A23="",$D23<>"Diesel Fuel",$H23="",$I23=""),"",IFERROR($I23/$H23,"")) | N23: =IF($A23="","",IFERROR(IF(COUNTIF($A$5:$A$504,$A23)>1,"Duplicate Expense ID",IF(OR($B23="",$C23="",$D23="",$I23=""),"Missing required field",IF(COUNTIF('Trip Log'!$A$5:$A$504,$B23)=0,"Unknown Trip ID",IF($I23<0,"Negative amount",IF(AND($D23="Diesel Fuel",OR($H23="",$H23<=0)),"Fuel gallons required","OK"))))),"Check inputs"))
J24: =IF(OR($A24="",$D24<>"Diesel Fuel",$H24="",$I24=""),"",IFERROR($I24/$H24,"")) | N24: =IF($A24="","",IFERROR(IF(COUNTIF($A$5:$A$504,$A24)>1,"Duplicate Expense ID",IF(OR($B24="",$C24="",$D24="",$I24=""),"Missing required field",IF(COUNTIF('Trip Log'!$A$5:$A$504,$B24)=0,"Unknown Trip ID",IF($I24<0,"Negative amount",IF(AND($D24="Diesel Fuel",OR($H24="",$H24<=0)),"Fuel gallons required","OK"))))),"Check inputs"))
J25: =IF(OR($A25="",$D25<>"Diesel Fuel",$H25="",$I25=""),"",IFERROR($I25/$H25,"")) | N25: =IF($A25="","",IFERROR(IF(COUNTIF($A$5:$A$504,$A25)>1,"Duplicate Expense ID",IF(OR($B25="",$C25="",$D25="",$I25=""),"Missing required field",IF(COUNTIF('Trip Log'!$A$5:$A$504,$B25)=0,"Unknown Trip ID",IF($I25<0,"Negative amount",IF(AND($D25="Diesel Fuel",OR($H25="",$H25<=0)),"Fuel gallons required","OK"))))),"Check inputs"))
J26: =IF(OR($A26="",$D26<>"Diesel Fuel",$H26="",$I26=""),"",IFERROR($I26/$H26,"")) | N26: =IF($A26="","",IFERROR(IF(COUNTIF($A$5:$A$504,$A26)>1,"Duplicate Expense ID",IF(OR($B26="",$C26="",$D26="",$I26=""),"Missing required field",IF(COUNTIF('Trip Log'!$A$5:$A$504,$B26)=0,"Unknown Trip ID",IF($I26<0,"Negative amount",IF(AND($D26="Diesel Fuel",OR($H26="",$H26<=0)),"Fuel gallons required","OK"))))),"Check inputs"))
... J504: =IF(OR($A504="",$D504<>"Diesel Fuel",$H504="",$I504=""),"",IFERROR($I504/$H504,"")) | N504: =IF($A504="","",IFERROR(IF(COUNTIF($A$5:$A$504,$A504)>1,"Duplicate Expense ID",IF(OR($B504="",$C504="",$D504="",$I504=""),"Missing required field",IF(COUNTIF('Trip Log'!$A$5:$A$504,$B504)=0,"Unknown Trip ID",IF($I504<0,"Negative amount",IF(AND($D504="Diesel Fuel",OR($H504="",$H504<=0)),"Fuel gallons required","OK"))))),"Check inputs"))

Sheet Settings
A1: Workbook Settings and Lists
A2: Update assumptions and list values here. Keep list entries together without blank rows when possible.
A3: Assumption | B3: Value | D3: Trip Status | E3: Load Types | F3: Expense Categories | G3: Payment Methods | H3: Drivers | I3: Trucks | J3: Trailers | K3: State Codes | M3: Dashboard Driver Filter
A4: Target Revenue per Mile | B4: 2.25 | D4: Planned | E4: Dry Van | F4: Diesel Fuel | G4: Company Card | H4: Marcus Reed | I4: TRK-101 | J4: TRL-201 | K4: AL | M4: All Drivers
A5: Target Miles per Gallon | B5: 7 | D5: Dispatched | E5: Refrigerated | F5: DEF | G5: Fuel Card | H5: Elena Torres | I5: TRK-102 | J5: TRL-202 | K5: AK | M5: Marcus Reed
A6: Target Maximum Empty Mile Percentage | B6: 0.15 | D6: In Transit | E6: Flatbed | F6: Tolls | G6: Cash | H6: Jamal Brooks | I6: TRK-103 | J6: TRL-203 | K6: AZ | M6: Elena Torres
D7: Delivered | E7: Tanker | F7: Parking | G7: Personal Card | H7: Sarah Kim | I7: TRK-104 | J7: TRL-204 | K7: AR | M7: Jamal Brooks
D8: Closed | E8: Expedited | F8: Scale | G8: ACH | K8: CA | M8: Sarah Kim
A9: Guidance | E9: Empty / Deadhead | F9: Lumper | K9: CO
A10: Trip ID links expenses to trips. | F10: Repairs | K10: CT
A11: Other Expenses includes every category except Diesel Fuel. | F11: Lodging | K11: DE
A12: Use actual odometer readings and actual expense amounts. | F12: Meals | K12: DC
A13: Replace sample data as needed, but keep formula columns intact. | F13: Other | K13: FL
A14: This workbook does not connect to GPS, telematics, fuel cards, or external systems. | K14: GA
K15: HI
K16: ID
K17: IL
K18: IN
K19: IA
K20: KS
K21: KY
K22: LA
K23: ME
K24: MD
K25: MA
K26: MI
... K54: WY
